 Dungeon Sprint DCSS version 0.31-a0-662-g684573625c (webtiles) character file.

Game seed: 13608047060106583205

102 sircluck the Grave Robber (level 4, -12/30 HPs)
             Began as a Mummy Necromancer on Sept 1, 2023.
             Mangled by a water elemental (17 damage)
             ... in the Dungeon (Sprint III: "The Ten Rune Challenge").
             The game lasted 00:02:19 (339 turns).

sircluck the Grave Robber (Mummy Necromancer)        Turns: 339, Time: 00:02:20

Health: -12/30     AC:  2    Str: 11    XL:     4   Next: 49%
Magic:  11/11      EV: 13    Int: 16    God:
Gold:   45         SH:  0    Dex: 12    Spells: 12/13 levels left

rFire   x . .        (no weapon)
rCold   + . .        (no shield)
rNeg    + + +        a - +0 robe
rPois   ∞            (no helmet)
rElec   .            (no cloak)
rCorr   .            (no gloves)
SInv    .            (no boots)
Will    .....        (no amulet)
Stlth   ++           (no ring)
HPRegen 0.25/turn    (no ring)
MPRegen 0.12/turn

%: no teleportation, faith
@: no status effects
A: cold resistance 1, negative energy resistance 3, torment resistance 2, heat
vulnerability 1, in touch with death 1, no potions, faith
a: no special abilities


You were in the Dungeon.
You visited 1 branch You collected 45 gold pieces.

Inventory:

Armour
 a - a +0 robe (worn)
Scrolls
 b - a scroll of immolation {unknown}
 c - 4 scrolls of identify
 d - a scroll of poison {unknown}


   Skills:
 + Level 3.6 Dodging
 + Level 3.9 Stealth
 + Level 5.4 Spellcasting
 * Level 6.9 Necromancy


You had 12 spell levels left.
You knew the following spells:

 Your Spells              Type           Power      Damage    Failure   Level
a - Necrotise             Necr           100%       1d9       1%          1

Your spell library contained the following spells:

 Spells                   Type           Power      Damage    Failure   Level
 Vampiric Draining        Necr           39%        2d8       2%          3
 Animate Dead             Necr           39%        N/A       9%          4
 Agony                    Necr           39%        N/A       24%         5


Dungeon Overview and Level Annotations

Branches:
Dungeon (1/1)

Altars:


Innate Abilities, Weirdness & Mutations

You are immune to poison.
Your flesh is cold resistant. (rC+)
You are immune to negative energy. (rN+++)
You are immune to unholy pain and torment.
You are vulnerable to heat. (rF-)
You are in touch with the powers of death.
You do not drink.
You have a special connection with the divine. (Faith)


Message History

You open the door.
A water elemental comes into view.
Casting: Necrotise (safe; 1% risk of failure)
Confirm with . or Enter, or press ? or * to list all spells.
You can't see any susceptible monsters within range! (Use Z to cast anyway.) Unknown command.
Casting: Necrotise (safe; 1% risk of failure)
Confirm with . or Enter, or press ? or * to list all spells.
You can't see any susceptible monsters within range! (Use Z to cast anyway.)
Casting: Necrotise (safe; 1% risk of failure)
Confirm with . or Enter, or press ? or * to list all spells.
You can't see any susceptible monsters within range! (Use Z to cast anyway.) Unknown command.
The water elemental attacks as it pursues you!
The water elemental closely misses you.
The water elemental completely misses you.
The water elemental attacks as it pursues you!
The water elemental hits you!
The water elemental attacks as it pursues you!
The water elemental hits you.
The water elemental attacks as it pursues you!
The water elemental hits you.
The water elemental attacks as it pursues you!
The water elemental barely misses you.
Things that are here:
a +0 club; a +0 robe The water elemental hits you.
You hit the water elemental but do no damage.
The water elemental closely misses you.
You hit the water elemental but do no damage.
The water elemental hits you.
You closely miss the water elemental. The water elemental hits you!
Ouch! That really hurt!
* * * LOW HITPOINT WARNING * * *
You closely miss the water elemental. The water elemental barely misses you.
You hit the water elemental.
The water elemental is lightly damaged.
The water elemental hits you!
Ouch! That really hurt!
You die...

▓▓▓▓▓▓▓▓▓ ▓▓▓
▓<..#...#### ##.#
▓...#......#####..#
▓..##.......#!!#..#
▓##.##.##.@.#..#..###+#+#
##.##.###E.##'#..#......
▓#.####.##..###...'.⌠....
▓.###p.##.)####...#...##
▓#..†..##..###....#.⌠.#
###..##...##.....# ..#
##..##....#......# ###
#..###..##.#.....# #..#
#..#####....#


You could see a water elemental.

Vanquished Creatures
  A scorpion (D)
  Jessica (D)
  A human (D)
  3 rats (D)
6 creatures vanquished.

Notes
Turn   | Place    | Note
-------+----------+-------------------------------------------
     0 | D        | sircluck the Mummy Necromancer began the quest for the Orb.
     0 | D        | Reached XP level 1. HP: 13/13 MP: 4/4
    57 | D        | Noticed Jessica
    60 | D        | Killed Jessica
    61 | D        | Reached skill level 5 in Necromancy
    61 | D        | Reached XP level 2. HP: 19/19 MP: 1/7
   149 | D        | Reached XP level 3. HP: 6/24 MP: 0/9
   241 | D        | Noticed a scorpion
   246 | D        | Killed a scorpion
   247 | D        | Reached skill level 5 in Spellcasting
   247 | D        | Reached skill level 6 in Necromancy
   247 | D        | Reached XP level 4. HP: 17/30 MP: 6/11
   315 | D        | Noticed a water elemental
   339 | D        | Mangled by a water elemental

Illustrated notes

Levels and vault maps discovered:
D:        dungeon_sprint_mu [sprint_mu_entry_cave, sprint_mu_temple_rooms,
          sprint_mu_d1_spiders, sprint_mu_d2_genie, sprint_mu_d3_branching,
          sprint_mu_orc_legion, sprint_mu_elf_gauntlet, sprint_mu_hive_nellie,
          sprint_mu_lair_fedhas, sprint_mu_vaults_butterflies,
          sprint_mu_slime_circle, sprint_mu_shoals_kraken,
          sprint_mu_snake_twists, sprint_mu_blade_basic, sprint_mu_crypt_lich,
          sprint_mu_tomb_spiral, sprint_mu_vestibule_basic,
          sprint_mu_gehenna_hellfire, sprint_mu_dis_giant,
          sprint_mu_tartarus_statrot, sprint_mu_cocytus_islands, sprint_mu_zot1]

Skill      XL: |  1  2  3 |
---------------+----------+-----
Spellcasting   | 4 5 |  5.4
Dodging        | 2 3 |  3.6
Stealth        | 2 3 |  3.9
Necromancy     | 5 6 |  6.9

Action                     |  1- 3 |  4- 6 || total
---------------------------+-------+-------++-------
  Melee: Unarmed           |     9 |     5 ||    14
         Punch             |     1 |       ||     1
   Cast: Necrotise         |    18 |       ||    18
    Use: Scroll            |     1 |       ||     1
   Stab: Sleeping          |     1 |       ||     1
 Armour: Robe              |    14 |     7 ||    21
  Dodge: Dodged            |    13 |     5 ||    18

Table legend: (Time is in decaauts)
 A = Elapsed time spent in this place.
 B = Non-inter-level travel time spent in this place.
 C = Inter-level travel time spent in this place.
 D = Time resting spent in this place.
 E = Time spent auto-exploring this place.
 F = Levels seen in this place.
 G = Mean time per level.
                   A        B        C        D        E       F      G
               +--------+--------+--------+--------+--------+-----+--------+
         Total |    339 |    339 |      0 |     24 |    138 |   1 |  339.0 |
       Dungeon |    339 |    339 |      0 |     24 |    138 |   1 |  339.0 |
               +--------+--------+--------+--------+--------+-----+--------+

Top non-repeatable levels by time:
       D: 339 daAuts
